 Dungeon Crawl Stone Soup version 0.29.1-15-g9cfb28693d (webtiles) character file.

Game seed: 579112252773842848

41 Heoruswealwe the Magician (level 3, 0/17 HPs)
             Began as a Deep Elf Earth Elementalist on Apr 10, 2023.
             Was a Follower of Hepliaklqana.
             Slain by an orc wizard
             ... wielding a +0 dagger
              (2 damage)
             ... on level 2 of the Dungeon.
             The game lasted 00:06:05 (799 turns).

Heoruswealwe the Magician (DEEE)                     Turns: 799, Time: 00:06:06

Health: 0/17       AC:  2    Str:  5    XL:     3   Next: 32%
Magic:  7/10       EV: 12    Int: 21    God:    Hepliaklqana [*.....]
Gold:   11         SH:  0    Dex: 15    Spells: 7/10 levels left

rFire   . . .      SeeInvis .   (no weapon)
rCold   . . .      Faith    .   (no shield)
rNeg    . . .      Spirit   .   a - +0 robe
rPois   .          Reflect  .   (no helmet)
rElec   .          Harm     .   (no cloak)
rCorr   .          Rampage  .   (no gloves)
Will    .....                   (no boots)
Stlth   +.........              (no amulet)
HPRegen 0.05/turn               (no ring)
MPRegen 0.12/turn               (no ring)

@: confused
A: reduced essence
a: Renounce Religion, Recall Ancestor, Ancestor Identity


You were on level 2 of the Dungeon.
You worshipped Hepliaklqana.
Hepliaklqana was aware of your devotion.
You visited 1 branch of the dungeon, and saw 2 of its levels.

You collected 11 gold pieces.

Inventory:

Armour
 a - a +0 robe (worn)
Jewellery
 h - a ring of positive energy
Scrolls
 c - a scroll of identify
 g - a scroll of enchant weapon
Potions
 b - 3 potions of magic
 d - a potion of heal wounds
 e - a potion of brilliance {unknown}


   Skills:
 - Level 2.4 Dodging
 - Level 2.4 Stealth
 + Level 4.2 Spellcasting
 - Level 1.1 Transmutations
 + Level 4.1 Earth Magic


You had 7 spell levels left.
You knew the following spells:

 Your Spells              Type           Power      Damage    Failure   Level
a - Sandblast             Erth           44%        2d11      1%          1
z - Passwall              Tmut/Erth      12%        N/A       6%          2

Your spell library contained the following spells:

 Spells                   Type           Power      Damage    Failure   Level
 Stone Arrow              Conj/Erth      26%        3d8       16%         3
 Petrify                  Tmut/Erth      15%        N/A       36%         4


Dungeon Overview and Level Annotations

Branches:
Dungeon (2/15)

Altars:
Hepliaklqana


Message History

The orc wizard is heavily wounded.
The orc wizard closely misses you.
An orc comes into view.
It is wielding a +0 hand axe of distortion.
Sosibius hits the orc wizard.
The blast of sand hits the orc wizard.
The orc wizard is heavily wounded.
The orc wizard mumbles some strange words.
The orc wizard flickers and vanishes!
Deactivating autopickup; reactivate with Ctrl-A.
Sosibius completely misses something.
The orc closely misses Sosibius.
The orc hits you with a +0 hand axe.
The orc closely misses Sosibius.
The orc hits you with a +0 hand axe.
Sosibius closely misses the orc.
The blast of sand hits the orc!
You kill the orc!
Sosibius hits something but does no damage.
The blast of sand hits the orc!
You kill the orc!
Something closely misses Sosibius.
Sosibius hits something but does no damage.
Sosibius barely misses something.
A magic dart appears from out of thin air!
The magic dart hits Sosibius!
Sosibius is destroyed!
You hear a shout!
Something hits you.
Things that are here:
a +0 hand axe of distortion; a +0 ring mail You hear some strange, mumbled words.
You are confused.
You're too confused to cast spells.
Something hits you.
You're too confused to move!
You hear some strange, mumbled words.
A magic dart appears from out of thin air!
The magic dart hits you.
* * * LOW HITPOINT WARNING * * *
You bump into the rock wall.
Something hits you.
* * * LOW HITPOINT WARNING * * *
You barely miss something. Something hits you.
You die...

###########........,*,#.#
* #####.########*,#.# *
#.....).......*,#.# *
#.###.#.#.###.*,#.# **
#.# #.#.#,,,,,*.#.#
,*#####.# #.#.#######.#.#
,*#.....# #........)..#.#
,*#.#########......)..#.#
,*#.#.......#...@{....#.#
,*#.#.#####.#.#########.#
,*#.#.#<..#.#...........#
**#.#.###.#.#############
#.#.....#.# #.#######.#
#.# #.# #.# #.#
#.#######.#


There were no monsters in sight!

Vanquished Creatures
  2 dart slugs (D:1)
  2 orcs (D:2)
  3 ball pythons (D:1)
  2 endoplasms (D:1)
  A giant cockroach (D:1)
  2 goblins (D:1)
  4 hobgoblins (D:1)
  3 jackals (D:1)
  5 kobolds
  A quokka (D:1)
  A bat (D:1)
  2 frilled lizards (D:1)
  3 rats (D:1)
31 creatures vanquished.

Vanquished Creatures (others)
  An ancestor (D:2)
1 creature vanquished.

Grand Total: 32 creatures vanquished

Notes
Turn   | Place    | Note
-------+----------+-------------------------------------------
     0 | D:1      | Heoruswealwe the Deep Elf Earth Elementalist began the
                  | quest for the Orb.
     0 | D:1      | Reached XP level 1. HP: 10/10 MP: 6/6
   183 | D:1      | Found a faded altar of an unknown god.
   193 | D:1      | Reached XP level 2. HP: 14/15 MP: 3/8
   196 | D:1      | Learned a level 2 spell: Passwall
   231 | D:1      | Prayed at the altar of an unknown god.
   231 | D:1      | Became a worshipper of Hepliaklqana the Forgotten
   231 | D:1      | Reached * piety under Hepliaklqana
   505 | D:1      | Reached XP level 3. HP: 15/17 MP: 6/10
   799 | D:2      | Slain by an orc wizard

Illustrated notes

Levels and vault maps discovered:
D:1:      ncdulo_smallfort, layout_loops_ring, hellmonk_ecumenical_altar_zigzags
D:2:      layout_basic, minmay_goblin_kobold_house

Skill      XL: |  1  2 |
---------------+-------+-----
Spellcasting   | 4 |  4.2
Earth Magic    | 4 |  4.1
Dodging        | |  2.4
Stealth        | |  2.4
Transmutations | |  1.1

Action                   || total
-------------------------++-------
Melee: Unarmed           ||     5
 Cast: Sandblast         ||    39
  Use: Scroll            ||     5
Armor: Robe              ||     1
Dodge: Dodged            ||     9
